 Dungeon Crawl Stone Soup version 0.26-a0-651-gb41185065b (webtiles) character file.

Game seed: 3429964221406712505

(classic levelgen) 2598 EnegeticOcto the Cleaver (level 9, -24/74 HPs)
             Began as a Deep Dwarf Delver on Oct 24, 2020.
             Was a Believer of Ru.
             Killed from afar by Fannar (50 damage)
             ... with a bolt of cold
             ... on level 10 of the Dungeon.
             The game lasted 00:07:02 (1315 turns).

EnegeticOcto the Cleaver (Deep Dwarf Delver)        Turns: 1315, Time: 00:07:03

Health: -24/74     AC: 12    Str: 17    XL:     9   Next: 33%
Magic:  6/6        EV:  5    Int: 13    God:    Ru [**....]
Gold:   100        SH:  0    Dex: 14    Spells: 14/14 levels left

rFire    x . .     SeeInvis .   v - +5 battleaxe
rCold    x . .     Faith    .   (shield currently unavailable)
rNeg     . . .     Spirit   .   w - +0 plate armour (curse)
rPois    .         Reflect  .   (no helmet)
rElec    .         Harm     .   (no cloak)
rCorr    +         Rampage  .   h - +1 pair of gloves
MR       +....                  (no boots)
Stlth    ..........             (no amulet)
HPRegen  0.00/turn              m - ring of resist corrosion
MPRegen  0.10/turn              (no ring)

@: non-regenerating
A: damage resistance, heal wounds, sense surroundings 2, temperature sensitive,
no regeneration
a: Heal Wounds, Renounce Religion


You were on level 10 of the Dungeon.
You worshipped Ru.
Ru was pleased with you.
You visited 2 branches of the dungeon, and saw 8 of its levels.

You collected 160 gold pieces.
You spent 60 gold pieces at shops.

Inventory:

Hand Weapons
 a - a +0 hand axe
 v - a +5 battleaxe (weapon)
Armour
 b - a +0 leather armour
 d - a +0 scale mail
 h - a +1 pair of gloves (worn)
 w - a cursed +0 plate armour (worn)
Jewellery
 m - a ring of resist corrosion (left hand)
 q - an uncursed amulet of inaccuracy
Wands
 i - a wand of acid (3) {@v1}
 l - a wand of polymorph (10)
 s - a wand of random effects (7)
Scrolls
 c - a scroll of fog
 e - 5 scrolls of fear
 r - a scroll of immolation {@r4}
Potions
 f - 2 potions of haste {@q4}
 j - a potion of resistance {unknown}
 k - a potion of lignification
 n - 3 potions of curing {unknown}
 o - a potion of heal wounds {unknown}
 p - a potion of degeneration {unknown}
 t - a potion of berserk rage {unknown}
 u - a potion of might {@q3}


   Skills:
 - Level 2.6 Fighting
 * Level 13.0 Axes
 - Level 2.1 Dodging
 - Level 6.0 Stealth
 - Level 3.0 Spellcasting


You had 14 spell levels left.
You didn't know any spells.
Your spell library was empty.

Dungeon Overview and Level Annotations

Branches:
Dungeon (10/15)            Temple (1/1) D:4
   Lair: D:8-11         Orc: D:9-12

Altars:
Cheibriados
Hepliaklqana
Kikubaaqudgha
Okawaru
Ru
Vehumet
Xom
Zin

Shops:
D:7 !   D:10 }

Annotations:
D:6 Dowan, Duvessa
D:10 Fannar


Innate Abilities, Weirdness & Mutations

You are resistant to damage.
You can heal yourself by infusing magical energy.
You passively map the area around you.
You are sensitive to extremes of temperature. (rF-, rC-)
You do not regenerate.


Message History

You kill the steam dragon!
Your Axes skill increases to level 13!
You feel much better.
e - 5 scrolls of fear (gained 3)
Found a hat.
Found a rapier.
You see here a hat.
You see here a rapier.
You now have 100 gold pieces (gained 14).
A leopard gecko comes into view.
The leopard gecko hisses angrily.
A leopard gecko is nearby!
Your plate armour prevents you from hitting the leopard gecko.
The leopard gecko bites you but does no damage.
You miss the leopard gecko.
The leopard gecko bites you but does no damage.
You miss the leopard gecko. The leopard gecko bites you.
You slash the leopard gecko!
You kill the leopard gecko!
No target in view!
No target in view!
No target in view!
You see here a leopard gecko corpse.
Found an escape hatch in the ceiling.
Fannar the Cold-Hearted comes into view.
They are wielding a +0 quarterstaff of freezing and wearing a +1 robe of cold resistance.
Your magical essence is drained by the effort!
You feel much better. Fannar hits you but does no damage.
You barely miss Fannar. Fannar hits you but does no damage.
You slash Fannar!
Fannar is moderately wounded.
Fannar says, "Freeze!"
Fannar hits you but does no damage.
You closely miss Fannar.
Fannar is lightly wounded.
You miss Fannar.
Fannar is lightly wounded.
Fannar hits you but does no damage.
You slash Fannar!
Fannar is moderately wounded.
Fannar gestures wildly while chanting.
Fannar drains the heat from the surrounding environment!
You feel a terrible chill!
You feel very cold.
Fannar is frozen.
Fannar resists.
Your plate armour prevents you from hitting Fannar.
Fannar is moderately wounded.
Fannar hits you but does no damage.
You closely miss Fannar.
Fannar is moderately wounded.
Fannar hits you but does no damage.
You barely miss Fannar.
Fannar is moderately wounded.
Fannar begins to cast a spell, but is stunned by your will!
You slash Fannar!
Fannar is heavily wounded.
Fannar hits you but does no damage.
You fail to use your ability.
Fannar hits you with a +0 quarterstaff of freezing!
Fannar freezes you.
You are too injured to fight recklessly!
You are too injured to fight recklessly!
You are too injured to fight recklessly!
You are too injured to fight recklessly!
You are too injured to fight recklessly!
You are too injured to fight recklessly!
You are too injured to fight recklessly!
You are too injured to fight recklessly!
You are too injured to fight recklessly!
You are too injured to fight recklessly!
You feel much better.
Fannar mumbles some strange words.
Fannar drains the heat from the surrounding environment!
You feel a terrible chill!
You feel very cold.
Ouch! That really hurt!
* * * LOW HITPOINT WARNING * * *
Fannar is frozen.
Fannar resists.
You feel much better.
Fannar hits you with a +0 quarterstaff of freezing.
Fannar freezes you.
You miss Fannar.
Fannar is heavily wounded.
Some snowflakes condense on Fannar.
Fannar hits you but does no damage.
You feel much better. Fannar hits you but does no damage.
You barely miss Fannar.
Fannar is heavily wounded.
Fannar points at you and mumbles some strange words.
The bolt of cold hits you!!
You feel a terrible chill!
You slash Fannar!
Fannar is severely wounded.
Fannar mumbles some strange words.
Fannar drains the heat from the surrounding environment!
You feel a terrible chill!
You feel very cold.
* * * LOW HITPOINT WARNING * * *
Fannar is frozen.
Fannar resists.
Your magical essence is drained by the effort!
You feel much better.
Fannar points at you and mumbles some strange words.
The bolt of cold hits you!!!
You feel a terrible chill!
Ouch! That really hurt!
You die...

, , ,........######.. * *
#.#############.##.# #..
* * ..............#)##.#
##. , ,
...............[.># #. *
, #.......<...#.##.# #.
,,#.......##..#.##.# #.
...........#.##.# #. , *
*..#.##.#####.##.##.# *,
*......<@...#.##.##..,
*.##.##e###.#.##.########
, , *#. #.#.##.. ......
*,** #. #.#.# ####### *
#. #.# * ....... * , ,
#.* #.# *###### , *** #.*
#.# * # * , #. #.# , # *
,, *, #.#,* #


You could see Fannar (icy armour).

Vanquished Creatures
  An unseen horror (D:10)
  Psyche (D:9)
  Grinder (D:6)
  A wyvern (D:6)
  A steam dragon (D:10)
  An orc warrior (D:10)
  An ice beast (D:7)
  A sky beast (D:7)
  A phantom (D:10)
  A big kobold (D:7)
  A water moccasin skeleton (D:4)
  4 wights (D:9)
  3 killer bees (D:9)
  A howler monkey (D:8)
  An orc wizard (D:4)
  A gnoll shaman (D:7)
  2 hounds
  A jelly (D:4)
  An orc priest (D:4)
  A centaur skeleton (D:8)
  A bullfrog skeleton (D:7)
  An iguana (D:7)
  3 worker ants
  A hound zombie (D:10)
  3 gnolls (D:7)
  2 adders
  A worm (D:4)
  3 leopard geckos
  10 orcs
  9 jackals
  2 kobolds (D:7)
62 creatures vanquished.

Vanquished Creatures (collateral kills)
  A scorpion (D:7)
  A gnoll (D:7)
  A white imp (D:7)
  An ufetubus (D:7)
4 creatures vanquished.

Vanquished Creatures (others)
  A wight (D:9)
  A killer bee (D:9)
  8 fungi (D:6)
10 creatures vanquished.

Grand Total: 76 creatures vanquished

Notes
Turn   | Place    | Note
-------+----------+-------------------------------------------
     0 | D:5      | EnegeticOcto the Deep Dwarf Delver began the quest for the
                  | Orb.
     0 | D:5      | Reached XP level 1. HP: 20/20 MP: 1/1
     1 | D:6      | Noticed Duvessa
     1 | D:6      | Noticed Dowan
    21 | D:5      | Noticed an ice beast
    54 | D:5      | Reached skill level 3 in Axes
    54 | D:5      | Reached XP level 2. HP: 17/27 MP: 2/2
   181 | D:4      | Found a staircase to the Ecumenical Temple.
   188 | Temple   | Entered the Ecumenical Temple
   205 | Temple   | Became a worshipper of Ru the Awakened
   255 | D:4      | Noticed a howler monkey
   306 | D:4      | Reached skill level 4 in Axes
   306 | D:4      | Reached skill level 1 in Spellcasting
   306 | D:4      | Reached XP level 3. HP: 31/33 MP: 2/4
   310 | D:4      | Reached XP level 4. HP: 30/40 MP: 2/6
   354 | D:4      | Reached skill level 5 in Axes
   354 | D:4      | Reached XP level 5. HP: 27/46 MP: 7/7
   403 | D:4      | Found a radiant altar of Vehumet.
   461 | D:6      | Noticed a wyvern
   469 | D:6      | Noticed Grinder
   470 | D:6      | Killed a wyvern
   470 | D:6      | Reached skill level 6 in Axes
   470 | D:6      | Reached XP level 6. HP: 27/55 MP: 8/10
   491 | D:6      | Killed Grinder
   491 | D:6      | Reached skill level 7 in Axes
   491 | D:6      | Reached XP level 7. HP: 55/61 MP: 11/11
   603 | D:7      | Reached skill level 8 in Axes
   685 | D:7      | Reached skill level 9 in Axes
   768 | D:7      | Found Anoskebo's Distillery.
   783 | D:7      | Bought a potion of might for 60 gold pieces
   867 | D:7      | Reached XP level 8. HP: 35/68 MP: 9/9
   900 | D:8      | Gained mutation: You are sensitive to extremes of
                  | temperature. (rF-, rC-) [Ru sacrifice]
   900 | D:8      | Reached * piety under Ru
   900 | D:8      | Reached ** piety under Ru
   932 | D:9      | Reached skill level 10 in Axes
   964 | D:9      | Noticed Psyche
   969 | D:9      | Killed Psyche
   969 | D:9      | Reached skill level 11 in Axes
  1097 | D:10     | Entered Level 10 of the Dungeon
  1115 | D:10     | Killed an unseen horror
  1115 | D:10     | Reached skill level 12 in Axes
  1115 | D:10     | Gained mutation: You passively map the area around you.
                  | [Deep Dwarf growth]
  1115 | D:10     | Reached XP level 9. HP: 42/74 MP: 8/8
  1150 | D:10     | Found Reudighimi's Gadget Shop.
  1217 | D:10     | Reached skill level 13 in Axes
  1297 | D:10     | Noticed Fannar
  1315 | D:10     | Killed from afar by Fannar

Illustrated notes

Levels and vault maps discovered:
D:4:      layout_loops_ring, fiery_altar_vehumet, minmay_overflow_temple_hex,
          temple_fountains, portal_sewer_entry_e
D:5:      layout_rooms, basic_altar, serial_shops, shop,
          minmay_tree_intersection, hex_medium, kennysheep_donut, tgw_xom
D:6:      layout_loops_ring, serial_aquarium, aquarium_bridge_long_joined
          [aquarium_subvault_bridge, aquarium_subvault_wall,
          aquarium_subvault_bridge, aquarium_subvault_bridge,
          aquarium_subvault_bridge, aquarium_subvault_window],
          aquarium_window_2, aquarium_window_corridor_1, aquarium_window_fake,
          aquarium_view_2d, aquarium_pool_2, grunt_qazlal_clouds,
          uniq_prince_ribbit1, uniq_grinder, uniq_duvessa
D:7:      layout_basic, serial_shops, shop
D:8:      layout_basic, minmay_circle_x, uniq_grum, uniq_joseph, uniq_maurice
D:9:      layout_loops_cross, minmay_starry_boxes, uniq_harold, uniq_psyche
D:10:     layout_basic, david_orc_3, serial_shops, shop, uniq_sonja, uniq_fannar
Temple:   dshaligram_water_room_temple

Skill      XL: |  1  2  3  4  5  6  7  8  9 |
---------------+----------------------------+-----
Axes           | 3 4 5 6 7 9 12 13 | 13.0
Spellcasting   | 1 2 3 |  3.0
Fighting       | |  2.6
Dodging        | |  2.1
Stealth        | |  6.0

Action                   |  1- 3 |  4- 6 |  7- 9 || total
-------------------------+-------+-------+-------++-------
Melee: Hand axe          |    48 |    75 |   184 ||   307
       Battleaxe         |       |       |    60 ||    60
Invok: Sacrifice Resista |       |       |     1 ||     1
 Abil: Heal Wounds       |     1 |     5 |    27 ||    33
Evoke: Wand              |     2 |     4 |     4 ||    10
  Use: Scroll            |     4 |       |     7 ||    11
 Stab: Sleeping          |       |       |     1 ||     1
Armor: Leather armour    |     8 |       |       ||     8
       Scale mail        |     8 |    43 |   114 ||   165
       Plate armour      |       |       |    64 ||    64
Dodge: Dodged            |    44 |    33 |   157 ||   234

Table legend: (Time is in decaauts)
 A = Elapsed time spent in this place.
 B = Non-inter-level travel time spent in this place.
 C = Inter-level travel time spent in this place.
 D = Time resting spent in this place.
 E = Time spent auto-exploring this place.
 F = Levels seen in this place.
 G = Mean time per level.
                   A        B        C        D        E       F      G
               +--------+--------+--------+--------+--------+-----+--------+
         Total |   1313 |   1294 |     19 |      0 |    128 |   8 |  164.1 |
       Dungeon |   1279 |   1275 |      4 |      0 |    128 |   7 |  182.7 |
        Temple |     33 |     18 |     15 |      0 |      0 |   1 |   33.0 |
               +--------+--------+--------+--------+--------+-----+--------+

Top non-repeatable levels by time:
     D:7: 315 daAuts
     D:4: 221 daAuts
    D:10: 221 daAuts
     D:5: 205 daAuts
     D:9: 173 daAuts
     D:6: 99 daAuts
     D:8: 42 daAuts
  Temple: 33 daAuts
